 Dungeon Crawl Stone Soup version 0.19.5 (webtiles) character file.

28 tidbits the Covered (level 2, -3/21 HPs)
             Began as a High Elf Wanderer on Aug 20, 2017.
             Slain by a worm (4 damage)
             ... on level 2 of the Dungeon.
             The game lasted 00:02:56 (440 turns).

tidbits the Covered (High Elf Wanderer)              Turns: 440, Time: 00:02:56

Health: -3/21      AC:  5    Str: 16    XL:     2   Next: 96%
Magic:  3/3        EV: 12    Int: 14    God:
Gold:   49         SH:  0    Dex: 15    Spells: 0 memorised, 1 level left

rFire  . . .     SeeInvis .     a - +2 mace
rCold  . . .     Gourm    .     b - +0 ring mail
rNeg   . . .     Faith    .     (no shield)
rPois  .         Spirit   .     (no helmet)
rElec  .         Reflect  .     (no cloak)
rCorr  .         Harm     .     (no gloves)
MR     .....                    (no boots)
Stlth  +.........               (no amulet)
                                (no ring)
                                i - +5 ring of strength

@: no status effects
A: no striking features
a: no special abilities


You were on level 2 of the Dungeon.
You were not hungry.

You visited 1 branch of the dungeon, and saw 2 of its levels.

You collected 49 gold pieces.

Inventory:

Hand Weapons
 a - a +2 mace (weapon)
 f - a +0 hunting sling
   (You found it on level 1 of the Dungeon)
Missiles
 h - 3 tomahawks (quivered)
 l - 5 javelins
Armour
 b - a +0 ring mail (worn)
Jewellery
 i - a +5 ring of strength (left hand)
   (You found it on level 2 of the Dungeon)
Scrolls
 e - a scroll of teleportation {unknown}
 g - a scroll of remove curse {unknown}
 m - 2 scrolls of noise {unknown}
 n - a scroll of fear {unknown}
Potions
 c - a potion of curing
Comestibles
 d - 2 bread rations
 j - a beef jerky
 k - a meat ration


   Skills:
 - Level 3.0 Fighting
 - Level 1.0 Maces & Flails
 - Level 1.0 Throwing
 - Level 3.6 Armour
 + Level 2.9 Dodging
   Level 1.0 Evocations


You had one spell level left.
You didn't know any spells.

Dungeon Overview and Level Annotations

Branches:
Dungeon (2/15)

Altars:
Nemelex Xobeh


Message History

The giant cockroach is heavily wounded.
The giant cockroach barely misses you.
You hit the giant cockroach but do no damage.
The giant cockroach is heavily wounded.
The giant cockroach misses you.
The giant cockroach bites you but does no damage.
The dart slug bites you but does no damage.
You sock the giant cockroach!
You kill the giant cockroach!
The dart slug launches a dart at you. The slug dart hits you!
You hit the dart slug.
The dart slug is moderately wounded.
The dart slug barely misses you.
You hit the dart slug.
The dart slug is severely wounded.
The dart slug barely misses you.
You hit the dart slug but do no damage.
The dart slug is severely wounded.
The dart slug barely misses you.
You hit the dart slug.
The dart slug is severely wounded.
The dart slug bites you but does no damage.
You hit the dart slug.
You kill the dart slug!
You now have 31 gold pieces (gained 13).
m - 2 scrolls labeled OMPOSK TUSH
Found a bread ration.
A worm comes into view.
You see here 8 gold pieces.
The worm closely misses you.
You hit the worm but do no damage. You hit the worm.
The worm is heavily wounded.
The worm bites you!
* * * LOW HITPOINT WARNING * * *
You completely miss the worm.
The worm is moderately wounded.
The worm misses you.
You hit the worm.
The worm is heavily wounded.
The worm barely misses you.
You hit the worm.
The worm is severely wounded.
The worm bites you.
* * * LOW HITPOINT WARNING * * *
You barely miss the worm.
The worm is severely wounded.
You barely miss the worm.
The worm is severely wounded.
The worm misses you.
You hit the worm.
The worm is almost dead.
The worm misses you.
You barely miss the worm.
The worm is almost dead.
The worm bites you.
* * * LOW HITPOINT WARNING * * *
You hit the worm.
You kill the worm!
You now have 39 gold pieces (gained 8).
Found 10 gold pieces.
d - 2 bread rations (gained 1)
You now have 49 gold pieces (gained 10).
Found a scroll labeled SAKOC TOQI.
A bat, a ball python and a worm come into view.
You see here a scroll labeled SAKOC TOQI.
You closely miss the bat. The bat closely misses you.
n - a scroll labeled SAKOC TOQI The bat hits you but does no damage.
You hit the bat.
The bat is heavily wounded.
The bat barely misses you. The ball python barely misses you.
The ball python grabs you. The ball python constricts you.
You escape the ball python's grasp.
You sock the ball python!
You kill the ball python!
The bat hits you but does no damage.
You hit the worm.
The worm is lightly wounded.
The worm misses you.
Your ring mail prevents you from hitting the worm.
The worm bites you.
* * * LOW HITPOINT WARNING * * *
You barely miss the worm. You hit the worm.
The worm is moderately wounded.
The worm barely misses you.
You sock the worm!
The worm is heavily wounded.
The worm barely misses you.
You hit the worm.
The worm is severely wounded.
The worm bites you.
* * * LOW HITPOINT WARNING * * *
You hit the worm.
The worm is severely wounded.
The worm bites you.
You die...

....... .. .......
.# .......#.#
........# ......
#### #.#.###.# ..#
#..b....# .. #.#
###w##### ...
#.#### #@# ..#
#....###.# ..#
#.##.....#
..#.#####.########
..#.......#
..####.####
.......# ..######
#.#


You could see a worm and a bat.

Vanquished Creatures
  2 worms (D:2)
  3 dart slugs
  A ball python (D:2)
  2 giant cockroaches
  3 hobgoblins (D:1)
  A bat (D:1)
  2 frilled lizards
  A kobold (D:1)
  3 rats
18 creatures vanquished.

Notes
Turn   | Place    | Note
-------+----------+-------------------------------------------
     0 | D:1      | tidbits the High Elf Wanderer began the quest for the Orb.
     0 | D:1      | tidbits set off with: a +2 mace, a +0 ring mail, a potion of curing, a bread ration
     0 | D:1      | Reached XP level 1. HP: 16/16 MP: 2/2
   111 | D:1      | Reached skill level 1 in Dodging
   175 | D:1      | Reached XP level 2. HP: 21/21 MP: 3/3
   195 | D:1      | Reached skill level 2 in Dodging
   348 | D:2      | Found a sparkling altar of Nemelex Xobeh.
   439 | D:2      | HP: 1/21 [worm (4)]
   440 | D:2      | Slain by a worm

Skill      XL: |  1  2 |
---------------+-------+-----
Dodging        | 1 2 |  2.9
Fighting       | |  3.0
Maces & Flails | |  1.0
Throwing       | |  1.0
Armour         | |  3.6
Evocations     | |  1.0

Action                   || total
-------------------------++-------
Melee: Mace              ||    64
Armor: Ring mail         ||    22
Dodge: Dodged            ||    31

Table legend:
 A = Turns spent in this place as a percentage of turns spent in the entire game.
 B = Non-inter-level travel turns spent in this place as a percentage of non-inter-level travel turns spent in the entire game.
 C = Inter-level travel turns spent in this place as a percentage of turns spent in this place.
 D = Turns resting spent in this place as a percentage of non-inter-level travel turns spent in this place.
 E = Turns spent auto-exploring this place as a percentage of non-inter-level travel turns spent in this place.
 F = Non-inter-level travel turns spent in this place divided by the number of levels of this place that you've seen.
                   A       B       C       D       E      F
               +-------+-------+-------+-------+-------+----------------------
         Total | 100.0 | 100.0 |   0.0 |   0.0 |   0.0 | 211.5
       Dungeon | 100.0 | 100.0 |   0.0 |   0.0 |   0.0 | 211.5
               +-------+-------+-------+-------+-------+----------------------

Table legend:
 A = Kills in this place as a percentage of kills in entire the game.
 B = Kills by you in this place as a percentage of kills by you in the entire game.
 C = Kills by friends in this place as a percentage of kills by friends in the entire game.
 D = Other kills in this place as a percentage of other kills in the entire game.
 E = Experience gained in this place as a percentage of experience gained in the entire game.
 F = Experience gained in this place divided by the number of levels of this place that you have seen.
                   A       B       C       D       E      F
               +-------+-------+-------+-------+-------+----------------------
         Total | 100.0 | 100.0 |  -nan |  -nan | 100.0 |  20.0
       Dungeon | 100.0 | 100.0 |  -nan |  -nan | 100.0 |  20.0
               +-------+-------+-------+-------+-------+----------------------

Vault maps used:
D:1:      evilmike_arrival_crescent
D:2:      nemelex_xobeh_ov_fountains_minmay, old_standard_altar, first_bread
